 Dungeon Crawl Stone Soup version 0.23.2-40-g277498a001 (webtiles) character file.

Game seed: 2928900578701062090

110768 DildoBatman the Eclecticist (level 17, -2/122 HPs)
             Began as a Formicid Wizard on Sept 13, 2019.
             Was an Initiate of Gozag.
             Slain by a slime creature (10 damage)
             ... on level 1 of the Swamp.
             The game lasted 02:26:52 (28094 turns).

DildoBatman the Eclecticist (Formicid Wizard)      Turns: 28094, Time: 02:26:53

Health: -2/122     AC: 29    Str: 12    XL:     17   Next: 10%
Magic:  8/38       EV: 17    Int: 23    God:    Gozag
Gold:   4967       SH: 11    Dex:  9    Spells: 12/50 levels left

rFire    . . .     SeeInvis +   a - +9 demon trident
rCold    . . .     Gourm    .   V - +1 shield {AC+3}
rNeg     . . .     Faith    .   F - +2 leather armour {rPois}
rPois    +         Spirit   .   (helmet unavailable)
rElec    .         Reflect  .   Z - +1 cloak {+Inv}
rCorr    .         Harm     .   T - +3 pair of gauntlets of War {Slay+5}
MR       ++...                  f - +2 pair of boots {Stlth+}
Stlth    +++.......             r - amulet of regeneration
HPRegen  0.70/turn              S - ring of wizardry
MPRegen  0.26/turn              j - +5 ring of evasion

@: icy armour, gold aura, studying Fighting
A: permanent stasis, dig shafts and tunnels, four strong arms, antennae 3,
molten scales 1, magic resistance 1, weak 1, sturdy frame 1
a: Dig, Shaft Self, Potion Petition, Call Merchant, Bribe Branch, Renounce
Religion, Evoke Invisibility


You were on level 1 of the Swamp.
You worshipped Gozag.
Gozag was most pleased with you.
You were not hungry.

You visited 5 branches of the dungeon, and saw 25 of its levels.
You also visited: Sewer, Ossuary, Bailey and Ice Cave.

You collected 8451 gold pieces.
You spent 3264 gold pieces at shops.
You paid 220 gold pieces to Gozag.

Inventory:

Hand Weapons
 a - a +9 demon trident (weapon)
 b - the +4 halberd of Beso {speed, rC+ rN+}
   (You bought it in a shop on level 2 of the Orcish Mines)

   Attacks with this weapon are significantly faster.
   It protects you from cold.
   It protects you from negative energy.
 s - a +2 hunting sling of flaming
Missiles
 g - 820 arrows
 n - 518 bolts
 t - 209 sling bullets
Armour
 f - a +2 pair of boots of stealth (worn)
 B - a scarf of repulsion
 F - a +2 leather armour of poison resistance (worn)
 T - the +3 pair of gauntlets of War (worn) {Slay+5}
   (You bought it in a shop on level 2 of the Orcish Mines)

   It affects your accuracy and damage with ranged weapons and melee attacks
   (+5).
 U - a +3 leather armour of fire resistance
 V - a +1 shield of protection (worn)
 Z - a +1 cloak of invisibility (worn)
Magical Staves
 H - an uncursed staff of cold
Jewellery
 c - an uncursed ring of protection from cold
 h - an uncursed ring of flight
 j - a +5 ring of evasion (right hand)
 m - an uncursed ring of protection from magic
 r - an amulet of regeneration (around neck)
 M - an uncursed ring of protection from fire
 S - a ring of wizardry (left hand)
Wands
 A - a wand of disintegration (47)
 R - a wand of acid (30)
Scrolls
 d - 2 scrolls of amnesia
 l - 2 scrolls of fog
 q - 8 scrolls of fear
 u - 2 scrolls of enchant armour
 x - 10 scrolls of remove curse
 G - 5 scrolls of immolation
 Q - a scroll of vulnerability {unknown}
Potions
 e - 6 potions of flight
 i - 10 potions of heal wounds
 k - 8 potions of magic
 o - 6 potions of cancellation
 w - 12 potions of curing
 J - 5 potions of agility
 K - 2 potions of ambrosia
 L - 2 potions of resistance
 P - 6 potions of might
 X - 7 potions of brilliance
Books
 O - a manual of Fighting
Miscellaneous
 I - a lightning rod (1/4)
Comestibles
 v - 13 rations


   Skills:
 * Level 8.0 Fighting
 - Level 5.0 Polearms
 * Level 5.2 Armour
 * Level 3.1 Dodging
 - Level 2.4 Stealth
 * Level 9.1 Shields
 - Level 17.0 Spellcasting
 - Level 6.1 Conjurations
 * Level 4.4 Hexes
 - Level 6.0 Charms
   Level 1.0 Summonings
 * Level 10.6 Necromancy
   Level 0.8 Translocations
 - Level 5.0 Fire Magic
 - Level 6.0 Ice Magic
 - Level 5.0 Air Magic
 * Level 10.1 Earth Magic
 - Level 8.0 Poison Magic


You had 12 spell levels left.
You knew the following spells:

 Your Spells              Type           Power        Failure   Level  Hunger
a - Conjure Flame         Conj/Fire      #####...     1%          3    None
b - Borgnjor's Vile Clut  Necr/Erth      ######....   1%          5    #......
c - Spectral Weapon       Hex/Chrm       #####...     1%          3    None
d - Regeneration          Chrm/Necr      ######....   1%          3    None
e - Mephitic Cloud        Conj/Pois/Air  #####...     1%          3    None
f - Vampiric Draining     Necr           ######....   1%          3    None
h - Dispel Undead         Necr           ######..     1%          5    #......
i - Ozocubu's Armour      Chrm/Ice       #####...     1%          3    None
j - Necromutation         Tmut/Necr      #####.....   100%        8    #######
z - Sublimation of Blood  Necr           ######....   1%          2    None

Your spell library contained the following spells:

 Spells                   Type           Power        Failure   Level  Hunger
 Animate Skeleton         Necr           N/A          1%          1    None
 Confusing Touch          Hex            #####.       1%          1    None
 Freeze                   Ice            ####         1%          1    None
 Magic Dart               Conj           ####         1%          1    None
 Pain                     Necr           ####         1%          1    None
 Call Imp                 Summ           ###.....     1%          2    None
 Corpse Rot               Necr           N/A          1%          2    None
 Ensorcelled Hibernation  Hex/Ice        #####.       1%          2    None
 Poisonous Vapours        Pois/Air       #####.       1%          2    None
 Slow                     Hex            #####...     1%          2    None
 Throw Frost              Conj/Ice       #####.       1%          2    None
 Confuse                  Hex            #####...     1%          3    None
 Ignite Poison            Fire/Tmut/Pois #####...     1%          3    None
 Spider Form              Tmut/Pois      #####.....   1%          3    None
 Animate Dead             Necr           N/A          1%          4    None
 Petrify                  Tmut/Erth      #####...     1%          4    None
 Throw Icicle             Conj/Ice       #####...     1%          4    None
 Agony                    Necr           ######..     1%          5    #......
 Bolt of Magma            Conj/Fire/Erth ######....   1%          5    #......
 Venom Bolt               Conj/Pois      ######....   1%          5    #......
 Gell's Gravitas          Tloc           ###.......   2%          3    None
 Summon Ice Beast         Ice/Summ       #####...     2%          4    None
 Iskenderun's Battlesphe  Conj/Chrm      #####...     2%          5    #......
 Metabolic Englaciation   Hex/Ice        #####.....   4%          5    #......
 Iron Shot                Conj/Erth      ######....   6%          6    ####...
 Simulacrum               Ice/Necr       ######....   6%          6    ####...
 Yara's Violent Unravell  Hex/Tmut       ####......   13%         5    #......
 Bolt of Cold             Conj/Ice       #####.....   14%         6    ####...
 Freezing Cloud           Conj/Ice/Air   #####.....   16%         6    ####...
 Orb of Destruction       Conj           #####.....   56%         7    ######.
 Haunt                    Necr/Summ      #####.....   61%         7    ######.
 Ring of Flames           Chrm/Fire      #####.....   65%         7    ######.
 Borgnjor's Revivificati  Necr           ######....   65%         8    #######
 Infestation              Necr           ######....   65%         8    #######
 Spellforged Servitor     Conj/Summ      #####.....   89%         7    ######.
 Death's Door             Chrm/Necr      ######....   91%         8    #######
 Blink                    Tloc           Unusable     N/A         2    N/A

Dungeon Overview and Level Annotations

Branches:
Dungeon (15/15)            Temple (1/1) D:4            Lair (6/6) D:8
  Swamp (1/4) Lair:2        Snake (0/4) Lair:2        Slime (0/5) Lair:5
    Orc (2/2) D:10            Elf (0/3) Orc:2        Vaults (0/5) D:14
 Depths (0/5) D:15

Altars:
Ashenzari
Cheibriados
Dithmenos
Elyvilon
Fedhas
Gozag
Hepliaklqana
Kikubaaqudgha
Makhleb
Nemelex Xobeh
Okawaru
Qazlal
Ru
Sif Muna
Trog
Uskayaw
Vehumet
Wu Jian
Xom
Yredelemnul
Zin
The Shining One
Beogh

Shops:
D:7 (   D:8 *   D:10 *   D:11 *   D:12 [   Orc:1 [   Orc:2 !}**


Innate Abilities, Weirdness & Mutations

You cannot be hasted, slowed, berserked, paralysed or teleported.
You can dig through walls and to a lower floor.
Your four strong arms can wield two-handed weapons with a shield.
You have a pair of large antennae on your head. (SInv)
You are partially covered in molten scales. (AC +2)
You are resistant to hostile enchantments. (MR+)
You are weak. (Str -2)
Your movements are slightly less encumbered by armour. (ER -2)


Message History

The slime creature is engulfed in blazing flames.
The slime creature completely misses you.
The thorn hunter hits you!! You block the thorn hunter's attack.
The insubstantial wisp gives a chilling moan.
Aiming: Corrosive Bolt
Press: ? - help, Shift-Dir - straight line, f - thorn hunter, p - spectral weapon
Aim: a thorn hunter (heavily damaged, constricted by zombie hands)
The bolt of acid hits the thorn hunter.
The thorn hunter is splashed with acid.
The acid corrodes the thorn hunter!
The thorn hunter is severely damaged.
The zombie hands constrict the thorn hunter!
The thorn hunter fires a volley of thorns at you.
The volley of thorns hits you!!
The slime creature becomes distracted by the nearby gold, dreaming of imaginary riches.
The slime creature is engulfed in blazing flames.
The slime creature hits you!
You die...
Your body crumbles into a pile of gold.

♣.♣.≈≈≈..≈♣♣
♣♣...≈§♣.≈♣.♣♣ .
♣..§<.≈≈.≈≈.≈♣.≈
♣.♣..♣v...≈≈≈...≈
♣.♣...≈≈≈...≈≈.≈≈≈
≈.≈≈..♣≈≈≈≈♣...≈≈≈≈
..≈.....?§≈v..$≈♣≈..
..♣.♣♣♣♣≈(f$$$≈....♣
♣♣ ♣.♣.♣@JJJ≈≈..♣
..♣♣.♣♣♣♣v≈PP♣♣ ..♣♣
♣.. {♣.P♣♣ ♣ ♣♣♣ {§♣
{.♣ {♣{♣ {{{{.


You could see a thorn hunter, 3 slime creatures, 3 insubstantial wisps and a
friendly spectral +9 demon trident.

Vanquished Creatures
  Jorgrun (Orc:1)
  A reaper (IceCv)
  The ghost of MolotovDodgeball the Brawler, a journeyman TrAs of Ru (Lair:6)
  Azrael (Orc:2)
  A dire elephant (Lair:6)
  A minotaur (Lair:6)
  Snorg (Orc:2)
  The ghost of Kikorro the Cleaver, a journeyman HOFi of Makhleb (Orc:1)
  2 rakshasas
  4 vault guards (D:14)
  11 hydras
  A death knight (D:15)
  A catoblepas (Lair:3)
  4 centaur warriors
  6 two-headed ogres
  Urug (D:11)
  Nergalle (D:12)
  The ghost of OrcJesus the Shield-Bearer, a novice DsFi of Okawaru (D:7)
  A glowing orange brain (D:15)
  An unseen horror (D:11)
  A swamp dragon (Swamp:1)
  Pikel (D:7)
  A phantasmal warrior (D:15)
  A wolf spider zombie (D:15)
  8 ugly things
  7 orc knights
  4 deep elf magi
  4 orc sorcerers
  A manticore (D:15)
  13 elephants
  2 cyclopes
  2 ice statues (IceCv)
  11 black mambas
  Maurice (D:10)
  3 gargoyles
  29 spiny frogs
  6 rime drakes
  A yaktaur (shapeshifter) (D:14)
  3 freezing wraiths
  3 komodo dragons
  9 ice devils (IceCv)
  3 kobold demonologists
  A polar bear (Lair:6)
  8 trolls
  A harpy skeleton (D:12)
  4 tyrant leeches
  A hornet (D:12)
  2 bog bodies
  4 dream sheep (Lair:6)
  A hydra skeleton (D:10)
  20 blink frogs
  12 slime creatures
  6 hippogriffs
  3 shadows (D:13)
  A spriggan (D:11)
  A centaur simulacrum (D:15)
  2 wraiths
  A redback (D:13)
  4 wyverns
  A human (D:11)
  42 yaks
  2 hungry ghosts
  2 basilisks
  2 fire elementals (Orc:2)
  A golden eye (shapeshifter) (D:15)
  Grum (D:9)
  10 vampire mosquitoes
  2 insubstantial wisps (Swamp:1)
  3 wargs (Orc:1)
  A naga (Lair:2)
  A spiny frog zombie (Lair:2)
  Duvessa (D:7)
  3 hell hounds (Orc:2)
  2 swamp worms
  3 soldier ants
  13 porcupines
  8 water moccasins
  4 ice beasts
  A dream sheep zombie (Lair:1)
  A spiny frog skeleton (Lair:1)
  48 orc warriors
  4 slaves (D:7)
  A black bear (Lair:4)
  A sky beast (D:10)
  2 phantoms
  36 centaurs
  11 ogres
  A necrophage (D:10)
  12 wolves
  6 crocodiles
  A rime drake zombie (IceCv)
  An elf skeleton (D:10)
  A komodo dragon zombie (Lair:2)
  11 big kobolds
  2 hippogriff zombies
  30 bullfrogs
  A hippogriff skeleton (D:10)
  A wyvern zombie (Lair:2)
  Dowan (D:7)
  A cyclops skeleton (D:10)
  A wyvern skeleton (D:14)
  7 scorpions
  A polar bear zombie (IceCv)
  9 killer bees
  A yak skeleton (D:10)
  3 electric eels
  7 howler monkeys
  27 wights
  13 crimson imps
  4 bullfrog zombies
  7 hounds
  6 jellies
  7 centaur zombies
  16 orc priests
  5 bullfrog skeletons
  5 centaur skeletons
  2 iguanas
  28 orc wizards
  Crazy Yiuf (D:6)
  Ijyb (D:4)
  2 kobold skeletons (D:10)
  3 porcupine zombies (Lair:1)
  14 worker ants
  2 black bear skeletons (D:10)
  Terence (D:1)
  A porcupine skeleton (Lair:2)
  A crocodile zombie (Lair:2)
  A hound zombie (D:8)
  3 hound skeletons
  3 mummies (Ossuary)
  9 gnolls
  9 adders
  13 river rats
  3 shadow imps
  4 white imps (IceCv)
  10 ufetubi (IceCv)
  An adder zombie (D:9)
  An adder skeleton (D:10)
  A worm (D:2)
  2 dart slugs
  5 leopard geckos
  111 orcs
  6 ball pythons
  5 giant cockroaches
  A gnoll zombie (Ossuary)
  40 goblins
  34 hobgoblins
  6 jackals
  37 kobolds
  A quokka (D:4)
  A quokka (shapeshifter) (D:15)
  A ball python skeleton (D:4)
  5 bats
  12 frilled lizards
  2 goblin zombies (Ossuary)
  A hobgoblin skeleton (D:10)
  4 hobgoblin zombies (Ossuary)
  A jackal zombie (D:11)
  A leopard gecko skeleton (D:7)
  An orc zombie (D:5)
  40 rats
  A rat skeleton (D:10)
  A rat zombie (D:9)
  4 fungi
  6 plants
  2 spectral weapons
1068 creatures vanquished.

Vanquished Creatures (collateral kills)
  A two-headed ogre (D:8)
  A scorpion (D:4)
  A killer bee (D:10)
  An orc priest (D:8)
4 creatures vanquished.

Vanquished Creatures (others)
  An unseen horror (D:15)
  A centaur skeleton (D:11)
  A black mamba skeleton (Lair:1)
  A swamp worm (Lair:2)
  An elephant skeleton (Lair:2)
  A water moccasin zombie (Lair:1)
  A bullfrog (D:11)
  2 white imps (IceCv)
  3 ufetubi (IceCv)
  A goblin zombie (Ossuary)
  16 fungi
  35 plants
  4 spectral weapons
68 creatures vanquished.

Grand Total: 1140 creatures vanquished

Notes
Turn   | Place    | Note
-------+----------+-------------------------------------------
     0 | D:1      | DildoBatman the Formicid Wizard began the quest for the
                  | Orb.
     0 | D:1      | Reached XP level 1. HP: 13/13 MP: 4/4
     2 | D:1      | Reached skill level 1 in Conjurations
   216 | D:1      | Reached XP level 2. HP: 8/19 MP: 0/6
   711 | D:1      | Reached XP level 3. HP: 17/24 MP: 3/7
  1402 | D:2      | Found a blossoming altar of Fedhas.
  1613 | D:2      | Reached XP level 4. HP: 30/30 MP: 5/8
  1839 | D:2      | Noticed Terence
  1956 | D:2      | Learned a level 3 spell: Conjure Flame
  1960 | D:2      | Learned a level 3 spell: Mephitic Cloud
  2718 | D:3      | Noticed a centaur
  2728 | D:3      | Killed a centaur
  2728 | D:3      | Reached XP level 5. HP: 26/35 MP: 0/9
  2942 | D:3      | Reached XP level 6. HP: 38/41 MP: 3/10
  2993 | D:4      | Reached skill level 5 in Conjurations
  3009 | D:4      | Found a glowing drain.
  3061 | D:4      | Found a staircase to the Ecumenical Temple.
  3062 | D:4      | Noticed an ogre
  3071 | Temple   | Entered the Ecumenical Temple
  3084 | Temple   | Became a worshipper of Kikubaaqudgha
  3095 | D:4      | Noticed an ogre
  3160 | D:4      | Killed an ogre
  3168 | D:4      | Killed an ogre
  3168 | D:4      | Reached XP level 7. HP: 22/46 MP: 2/11
  3217 | Sewer    | Entered a sewer
  3396 | Sewer    | Reached skill level 1 in Poison Magic
  3407 | Sewer    | Reached * piety under Kikubaaqudgha
  3407 | Sewer    | Identified Kikubaaqudgha's Papyrus of Sinister Rites
                  | (Kikubaaqudgha gifted it to you in a sewer)
  3407 | Sewer    | Received a gift from Kikubaaqudgha
  3755 | Sewer    | Reached skill level 1 in Fire Magic
  4043 | Sewer    | Reached skill level 1 in Air Magic
  4221 | D:4      | Noticed Ijyb
  4240 | D:4      | Killed Ijyb
  4546 | D:4      | Reached ** piety under Kikubaaqudgha
  4754 | D:4      | Reached XP level 8. HP: 43/52 MP: 5/12
  5006 | D:5      | Entered Level 5 of the Dungeon
  5047 | D:5      | Found a sand-covered staircase.
  5141 | Ossuary  | Entered an ossuary
  5141 | Ossuary  | Noticed a wraith
  5141 | Ossuary  | Noticed a wraith
  5141 | Ossuary  | Noticed a wraith
  5193 | Ossuary  | Noticed a wraith
  5326 | Ossuary  | Killed a wraith
  5944 | D:5      | Found an iron altar of Okawaru.
  5946 | D:5      | Found a shattered altar of Ashenzari.
  5948 | D:5      | Found a bloodstained altar of Trog.
  5949 | D:5      | Found a blossoming altar of Fedhas.
  5965 | D:5      | Found a sacrificial altar of Ru.
  5969 | D:5      | Reached *** piety under Kikubaaqudgha
  5969 | D:5      | Identified Kikubaaqudgha's Grimoire of Dark Secrets
                  | (Kikubaaqudgha gifted it to you on level 5 of the Dungeon)
  5969 | D:5      | Received a gift from Kikubaaqudgha
  5974 | D:5      | Found a white marble altar of Elyvilon.
  6034 | D:5      | Found a radiant altar of Vehumet.
  6034 | D:5      | Found an ornate altar of the Wu Jian Council.
  6271 | D:5      | Reached skill level 5 in Poison Magic
  6271 | D:5      | Reached XP level 9. HP: 28/57 MP: 1/14
  6274 | D:5      | Reached skill level 5 in Fire Magic
  6357 | D:5      | Reached skill level 4 in Spellcasting
  6474 | D:5      | Reached **** piety under Kikubaaqudgha
  7265 | D:6      | Found a sacrificial altar of Ru.
  7780 | D:6      | Found a runed translucent door.
  7781 | D:6      | Noticed Crazy Yiuf
  7790 | D:6      | Killed Crazy Yiuf
  8123 | D:7      | Noticed OrcJesus's ghost (novice DsFi)
  8129 | D:7      | Found a transporter.
  8170 | D:7      | Reached ***** piety under Kikubaaqudgha
  8170 | D:7      | Reached skill level 5 in Air Magic
  8214 | D:7      | Noticed Dowan
  8223 | D:7      | Noticed Duvessa
  8236 | D:7      | Killed Duvessa
  8244 | D:7      | Killed Dowan
  8244 | D:7      | Reached skill level 5 in Spellcasting
  8309 | D:7      | Found Oluet's Weapon Emporium.
  8332 | D:7      | You fall through a shaft!
  8346 | D:8      | Reached XP level 10. HP: 47/63 MP: 13/18
  8347 | D:8      | Noticed a two-headed ogre
  8359 | D:8      | Reached skill level 6 in Spellcasting
  8365 | D:8      | Killed a two-headed ogre
  8365 | D:8      | Reached skill level 7 in Spellcasting
  8431 | D:8      | Reached skill level 8 in Spellcasting
  8451 | D:8      | Reached skill level 1 in Necromancy
  8598 | D:8      | HP: 2/63 [basilisk (14)]
  8604 | D:8      | Learned a level 3 spell: Vampiric Draining
  8606 | D:8      | HP: 2/63 [poisoned by a water moccasin]
  8610 | D:8      | Learned a level 5 spell: Dispel Undead
  8616 | D:8      | Learned a level 5 spell: Borgnjor's Vile Clutch
  8619 | D:8      | Learned a level 2 spell: Sublimation of Blood
  8755 | D:8      | Reached skill level 5 in Necromancy
  8792 | D:8      | Found a staircase to the Lair.
  8988 | D:8      | Found Fuhe's Assorted Antiques.
  8997 | D:8      | Bought a scroll of identify for 52 gold pieces
  8997 | D:8      | Bought a runed steel amulet for 130 gold pieces
  9001 | D:8      | Bought a glowing blue potion for 23 gold pieces
  9001 | D:8      | Bought a murky grey potion for 23 gold pieces
  9001 | D:8      | Bought a purple potion for 23 gold pieces
  9001 | D:8      | Bought a golden potion for 23 gold pieces
  9001 | D:8      | Bought an emerald potion for 23 gold pieces
  9001 | D:8      | Bought a scroll labeled LAAFEL DOWKIO for 26 gold pieces
  9054 | D:8      | Noticed an elephant
  9078 | D:8      | Killed an elephant
  9078 | D:8      | Reached XP level 11. HP: 54/68 MP: 11/23
  9599 | D:1      | Killed Terence
  9721 | D:7      | Found a transporter.
  9743 | D:7      | Noticed Pikel
  9762 | D:7      | Killed Pikel
 10109 | D:7      | Killed OrcJesus's ghost
 10146 | D:9      | Reached skill level 1 in Earth Magic
 10165 | D:9      | Noticed a cyclops
 10472 | D:9      | Noticed Grum
 10480 | D:9      | Killed Grum
 10480 | D:9      | Reached ****** piety under Kikubaaqudgha
 10549 | D:8      | Received a gift from Kikubaaqudgha
 10550 | D:8      | Fell from the grace of Kikubaaqudgha
 10664 | Temple   | Became a worshipper of Gozag Ym Sagoz the Greedy
 11091 | D:9      | Killed a cyclops
 11455 | D:10     | Entered Level 10 of the Dungeon
 11618 | D:10     | Reached skill level 5 in Earth Magic
 11700 | D:10     | Found Dokeguf's General Store.
 11715 | D:10     | Bought a scroll of identify for 22 gold pieces
 11715 | D:10     | Bought a scroll of identify for 22 gold pieces
 11877 | D:10     | Found a staircase to the Orcish Mines.
 12103 | D:10     | Noticed Maurice
 12123 | D:10     | Killed Maurice
 12123 | D:10     | Reached skill level 1 in Fighting
 12123 | D:10     | Reached skill level 1 in Armour
 12318 | D:10     | Reached skill level 1 in Polearms
 12723 | D:10     | Found a roughly hewn altar of Beogh.
 12736 | D:10     | Reached XP level 12. HP: 77/77 MP: 16/24
 12832 | D:11     | Noticed a two-headed ogre
 12847 | D:11     | Killed a two-headed ogre
 12885 | D:11     | Noticed an unseen horror
 12896 | D:11     | Killed an unseen horror
 12974 | D:11     | Noticed Urug
 12993 | D:11     | Killed Urug
 13103 | D:11     | Found Vumeeth's Pet Rocks.
 13269 | D:11     | Learned a level 3 spell: Ozocubu's Armour
 13680 | Lair:1   | Entered Level 1 of the Lair of Beasts
 13692 | Lair:1   | Found a frozen archway.
 13798 | Lair:1   | Reached skill level 1 in Charms
 13798 | Lair:1   | Reached skill level 1 in Ice Magic
 13853 | Lair:1   | Noticed a seven-headed hydra
 13859 | Lair:1   | Killed a seven-headed hydra
 14021 | IceCv    | Entered an ice cave
 14139 | IceCv    | HP: 3/84 [something (18)]
 14466 | IceCv    | Reached skill level 1 in Shields
 14472 | IceCv    | Reached XP level 13. HP: 90/90 MP: 13/25
 14590 | IceCv    | Noticed a reaper
 14619 | IceCv    | Killed a reaper
 14619 | IceCv    | Reached skill level 5 in Fighting
 14619 | IceCv    | Reached skill level 5 in Armour
 14681 | IceCv    | Got an encrusted demon whip
 15127 | Lair:1   | Got a brightly glowing leather armour
 15280 | Lair:1   | Identified the +1 leather armour of Optimism {MP+9 Str+2}
                  | (You found it on level 1 of the Lair of Beasts)
 15389 | Lair:2   | Found a staircase to the Snake Pit.
 15399 | Lair:2   | Reached skill level 5 in Polearms
 15701 | Lair:2   | Noticed a four-headed hydra
 15704 | Lair:2   | Was forgiven by Kikubaaqudgha
 15719 | Lair:2   | Killed a four-headed hydra
 15854 | Lair:2   | Identified the +5 demon whip of Sloth {drain, Dex+3} (You
                  | found it in an ice cave)
 15888 | Lair:2   | Found a staircase to the Swamp.
 16172 | Lair:2   | Noticed a six-headed hydra
 16177 | Lair:2   | Killed a six-headed hydra
 16177 | Lair:2   | Reached skill level 9 in Spellcasting
 16424 | Lair:3   | Noticed a catoblepas
 16438 | Lair:3   | Killed a catoblepas
 16619 | Lair:3   | Reached skill level 10 in Spellcasting
 17554 | Lair:4   | Noticed a four-headed hydra
 17566 | Lair:4   | Killed a four-headed hydra
 17591 | Lair:4   | Reached skill level 11 in Spellcasting
 17670 | Lair:4   | Reached XP level 14. HP: 78/98 MP: 18/29
 18649 | Lair:5   | Reached skill level 12 in Spellcasting
 18660 | Lair:5   | Found a staircase to the Slime Pits.
 19403 | Lair:6   | Entered Level 6 of the Lair of Beasts
 19416 | Lair:6   | Reached skill level 13 in Spellcasting
 19586 | Orc:1    | Entered Level 1 of the Orcish Mines
 19678 | Orc:1    | Gained mutation: You are agile. (Dex +2) [potion of
                  | mutation]
 19678 | Orc:1    | Gained mutation: You are dopey. (Int -2) [potion of
                  | mutation]
 19678 | Orc:1    | Gained mutation: You are resistant to electric shocks.
                  | (rElec) [potion of mutation]
 19679 | Orc:1    | Lost mutation: You are agile. (Dex +2) [potion of mutation]
 19679 | Orc:1    | Gained mutation: You expend magic power (3 MP) to
                  | strengthen your wands. [potion of mutation]
 19679 | Orc:1    | Lost mutation: You are dopey. (Int -2) [potion of mutation]
 19679 | Orc:1    | Gained mutation: Your muscles are strong. (Str +2) [potion
                  | of mutation]
 19680 | Orc:1    | Lost mutation: You expend magic power (3 MP) to strengthen
                  | your wands. [potion of mutation]
 19680 | Orc:1    | Gained mutation: Armour fits poorly on your strangely
                  | shaped body. [potion of mutation]
 19680 | Orc:1    | Gained mutation: You are partially covered in molten
                  | scales. (AC +2) [potion of mutation]
 19680 | Orc:1    | Gained mutation: You expend magic power (3 MP) to
                  | strengthen your wands. [potion of mutation]
 20032 | Orc:1    | Found Cywnypt's Antique Armour Shop.
 20042 | Orc:1    | Noticed Jorgrun
 20053 | Orc:1    | Killed Jorgrun
 20053 | Orc:1    | Reached skill level 14 in Spellcasting
 20111 | Orc:1    | Bought a creamy pearl robe for 193 gold pieces
 20111 | Orc:1    | Bought a faintly glowing ring mail for 306 gold pieces
 20121 | Orc:1    | Identified the +0 robe "Robepeh" {Dex+2} (You bought it in
                  | a shop on level 1 of the Orcish Mines)
 20131 | Orc:1    | Identified the +3 ring mail of Sofiosod {rElec rF+} (You
                  | bought it in a shop on level 1 of the Orcish Mines)
 20200 | Orc:1    | Found a runed translucent door.
 20202 | Orc:1    | Noticed Kikorro's ghost (journeyman HOFi)
 20265 | Orc:1    | Killed Kikorro's ghost
 20371 | Orc:2    | Entered Level 2 of the Orcish Mines
 20596 | Orc:2    | Noticed Azrael
 20608 | Orc:2    | Killed Azrael
 20801 | Orc:2    | Reached XP level 15. HP: 38/103 MP: 7/33
 20874 | Orc:2    | Reached skill level 15 in Spellcasting
 21203 | Orc:2    | Noticed Snorg
 21217 | Orc:2    | Killed Snorg
 21355 | Orc:2    | Found a staircase to the Elven Halls.
 21550 | Orc:2    | Found Rol Peri's Assorted Antiques.
 21550 | Orc:2    | Found Nudehec's Gadget Boutique.
 21552 | Orc:2    | Found Coisogei's Distillery.
 21554 | Orc:2    | Found Lorchyxo's General Store.
 21558 | Orc:2    | Bought a fine halberd for 243 gold pieces
 21560 | Orc:2    | Bought a long copper wand for 108 gold pieces
 21563 | Orc:2    | Bought a wand of acid (11) for 450 gold pieces
 21565 | Orc:2    | Bought a potion of curing for 42 gold pieces
 21565 | Orc:2    | Bought a potion of curing for 42 gold pieces
 21565 | Orc:2    | Bought a potion of curing for 42 gold pieces
 21565 | Orc:2    | Bought a potion of might for 56 gold pieces
 21565 | Orc:2    | Bought a potion of agility for 56 gold pieces
 21565 | Orc:2    | Bought a potion of brilliance for 56 gold pieces
 21565 | Orc:2    | Bought a potion of magic for 112 gold pieces
 21565 | Orc:2    | Bought a potion of curing for 42 gold pieces
 21565 | Orc:2    | Bought a potion of might for 56 gold pieces
 21570 | Orc:2    | Bought the +3 pair of gauntlets of War {Slay+5} for 522
                  | gold pieces
 21570 | Orc:2    | Found the +3 pair of gauntlets of War {Slay+5}
 21570 | Orc:2    | Bought a scroll of enchant weapon for 82 gold pieces
 21570 | Orc:2    | Bought a wand of acid (7) for 242 gold pieces
 21570 | Orc:2    | Identified the +4 halberd of Beso {speed, rC+ rN+} (You
                  | bought it in a shop on level 2 of the Orcish Mines)
 22206 | Lair:6   | Reached skill level 16 in Spellcasting
 22400 | Lair:6   | Noticed MolotovDodgeball's ghost (journeyman TrAs)
 22422 | Lair:6   | Found a runed translucent gate.
 22422 | Lair:6   | Found a runed translucent gate.
 22422 | Lair:6   | Found a runed translucent gate.
 22627 | Lair:6   | Reached skill level 5 in Shields
 23502 | Lair:6   | Killed MolotovDodgeball's ghost
 23710 | D:12     | Found Xefa's Armour Boutique.
 23742 | D:12     | Reached XP level 16. HP: 80/109 MP: 22/36
 23827 | D:12     | Identified the Tome of Lethal Self-Improvement
 23913 | D:12     | Found a flagged portal.
 23923 | Bailey   | Entered a bailey
 24626 | D:12     | Noticed Nergalle
 24646 | D:12     | Killed Nergalle
 24646 | D:12     | Reached skill level 5 in Charms
 24646 | D:12     | Reached skill level 5 in Ice Magic
 24920 | D:12     | Bought a +1 shield of protection for 247 gold pieces
 24953 | D:12     | Lost mutation: Armour fits poorly on your strangely shaped
                  | body. [potion of mutation]
 24953 | D:12     | Lost mutation: Your muscles are strong. (Str +2) [potion of
                  | mutation]
 24953 | D:12     | Lost mutation: You are resistant to electric shocks.
                  | (rElec) [potion of mutation]
 24953 | D:12     | Lost mutation: You expend magic power (3 MP) to strengthen
                  | your wands. [potion of mutation]
 24953 | D:12     | Gained mutation: You are weak. (Str -2) [potion of
                  | mutation]
 24953 | D:12     | Gained mutation: Your system is resistant to poisons.
                  | (rPois) [potion of mutation]
 24953 | D:12     | Gained mutation: You are dopey. (Int -2) [potion of
                  | mutation]
 24953 | D:12     | Gained mutation: You are resistant to hostile enchantments.
                  | (MR+) [potion of mutation]
 25440 | D:13     | Lost mutation: You are partially covered in molten scales.
                  | (AC +2) [potion of mutation]
 25440 | D:13     | Lost mutation: You are dopey. (Int -2) [potion of mutation]
 25440 | D:13     | Lost mutation: Your system is resistant to poisons. (rPois)
                  | [potion of mutation]
 25440 | D:13     | Gained mutation: Your movements are slightly less
                  | encumbered by armour. (ER -2) [potion of mutation]
 25440 | D:13     | Gained mutation: You are partially covered in molten
                  | scales. (AC +2) [potion of mutation]
 25871 | D:13     | Identified the Reference Book on Intoxication and the
                  | Frostbite
 26450 | D:14     | Got an ichor-stained quarterstaff
 26451 | D:14     | Identified the +8 quarterstaff of Defence by Offence
                  | {freeze, +Blink rF- rN++ Stlth+} (You found it on level 14
                  | of the Dungeon)
 26511 | D:14     | Reached skill level 10 in Necromancy
 26729 | D:14     | Learned a level 3 spell: Regeneration
 26734 | D:14     | Learned a level 3 spell: Spectral Weapon
 26743 | D:14     | Learned a level 8 spell: Necromutation
 26744 | D:14     | Found a gate to the Vaults.
 26757 | D:14     | Reached skill level 1 in Hexes
 26818 | D:15     | Entered Level 15 of the Dungeon
 26846 | D:15     | Reached skill level 17 in Spellcasting
 27151 | D:15     | Reached XP level 17. HP: 110/122 MP: 29/38
 27433 | D:15     | Reached skill level 10 in Earth Magic
 27438 | D:15     | Found a staircase to the Depths.
 28001 | Swamp:1  | Entered Level 1 of the Swamp
 28088 | Swamp:1  | Noticed a thorn hunter
 28094 | Swamp:1  | Slain by a slime creature

Skill      XL: |  1  2  3  4  5  6  7  8  9 10 11 12 13 14 15 16 17 |
---------------+----------------------------------------------------+-----
Conjurations   | 1 2 3 4 6 |  6.1
Poison Magic   | 3 5 8 |  8.0
Fire Magic     | 2 4 5 |  5.0
Air Magic      | 2 3 5 |  5.0
Spellcasting   | 5 8 11 14 16 17 | 17.0
Necromancy     | 6 9 10 | 10.6
Earth Magic    | 6 8 9 10 | 10.1
Fighting       | 1 4 5 7 8 |  8.0
Armour         | 1 4 5 |  5.2
Dodging        | 2 3 |  3.1
Polearms       | 1 4 5 |  5.0
Charms         | 2 4 6 |  6.0
Ice Magic      | 2 4 6 |  6.0
Shields        | 2 3 8 9 |  9.1
Hexes          | 4 |  4.4
Stealth        | |  2.4
Summonings     | |  1.0
Translocations | |  0.8

Action                   |  1- 3 |  4- 6 |  7- 9 | 10-12 | 13-15 | 16-18 || total
-------------------------+-------+-------+-------+-------+-------+-------++-------
Melee: Unarmed           |    20 |       |       |       |       |       ||    20
       Club              |     3 |     6 |       |       |       |       ||     9
       Dagger            |       |     6 |   123 |       |       |       ||   129
       Trident           |       |       |    55 |   257 |       |       ||   312
       Short sword       |       |       |    29 |    24 |       |       ||    53
       Hand axe          |       |       |       |     2 |       |       ||     2
       Mace              |       |       |       |    98 |       |       ||    98
       Demon trident     |       |       |       |   283 |   655 |    30 ||   968
       Staff             |       |       |       |     3 |       |       ||     3
       Spear             |       |       |       |       |    58 |       ||    58
       Halberd           |       |       |       |       |   283 |   378 ||   661
 Fire: Hunting sling     |       |       |     1 |       |       |       ||     1
 Cast: Magic Dart        |    92 |    84 |   355 |   221 |   139 |     1 ||   892
       Mephitic Cloud    |       |     5 |    41 |    70 |    70 |    35 ||   221
       Conjure Flame     |       |       |    36 |    85 |    69 |    27 ||   217
       Vampiric Draining |       |       |       |     8 |     7 |     2 ||    17
       Dispel Undead     |       |       |       |     8 |     9 |    16 ||    33
       Sublimation of Bl |       |       |       |     2 |    17 |     9 ||    28
       Borgnjor's Vile C |       |       |       |    12 |    92 |    43 ||   147
       Ozocubu's Armour  |       |       |       |       |     6 |     7 ||    13
       Spectral Weapon   |       |       |       |       |       |    11 ||    11
       Regeneration      |       |       |       |       |       |     6 ||     6
Invok: Receive Necronomi |       |       |       |     1 |       |       ||     1
       Renounce Religion |       |       |       |     1 |       |       ||     1
 Abil: Dig               |     1 |     6 |    46 |    45 |    33 |    19 ||   150
       Evoke Flight      |       |       |     9 |       |       |       ||     9
Evoke: Wand              |       |       |       |     1 |       |     6 ||     7
       Lightning rod     |       |       |       |       |     4 |     4 ||     8
  Use: Scroll            |       |     4 |     2 |    13 |    10 |    10 ||    39
       Potion            |       |       |       |       |     3 |     2 ||     5
 Stab: Confused          |       |     2 |     6 |    22 |    34 |     5 ||    69
       Sleeping          |       |       |       |     1 |     4 |     2 ||     7
       Distracted        |       |       |       |     1 |     4 |     3 ||     8
  Eat: Chunk             |     2 |     6 |    24 |    10 |       |       ||    42
       Ration            |       |       |     2 |     7 |    14 |     6 ||    29
Armor: Robe              |     7 |     7 |     6 |       |       |       ||    20
       Leather armour    |       |       |     4 |   101 |   183 |    68 ||   356
       Scale mail        |       |       |     1 |    29 |       |       ||    30
Dodge: Dodged            |    27 |    58 |   138 |   462 |   589 |   176 ||  1450
       Deflected         |       |       |       |       |    16 |     5 ||    21
Block: Buckler           |       |       |       |       |   212 |       ||   212
       Shield            |       |       |       |       |    24 |   187 ||   211
